 Dungeon Crawl Stone Soup version 0.29-a0-409-gd843f3a48c (webtiles) character file.

Game seed: 6139365019111471315

44 runemasterragnar the Skirmisher (level 3, -4/31 HPs)
             Began as a Demonspawn Monk on May 14, 2022.
             Slain by a worm (6 damage)
             ... on level 2 of the Dungeon.
             The game lasted 00:01:34 (2185 turns).

runemasterragnar the Skirmisher (Demonspawn Monk)   Turns: 2185, Time: 00:01:34

Health: -4/31      AC:  2    Str: 13    XL:     3   Next: 41%
Magic:  3/3        EV: 12    Int: 11    God:
Gold:   127        SH:  0    Dex: 15    Spells: 2/2 levels left

rFire   . . .      SeeInvis .   a - +0 falchion
rCold   . . .      Faith    .   (no shield)
rNeg    . . .      Spirit   .   b - +0 robe
rPois   .          Reflect  .   (helmet restricted)
rElec   .          Harm     .   (no cloak)
rCorr   .          Rampage  .   (no gloves)
Will    .....                   (no boots)
Stlth   ++........              (no amulet)
HPRegen 0.10/turn               (no ring)
MPRegen 0.08/turn               (no ring)

@: no status effects
A: antennae 2
a: no special abilities


You were on level 2 of the Dungeon.
You visited 1 branch of the dungeon, and saw 2 of its levels.

You collected 127 gold pieces.

Inventory:

Hand Weapons
 a - a +0 falchion (weapon)
Armour
 b - a +0 robe (worn)
Jewellery
 f - an amulet of guardian spirit
 j - a ring of flight
 k - a ring of willpower
Scrolls
 h - 2 scrolls of teleportation {unknown}
 i - 2 scrolls of identify {unknown}
Potions
 c - a potion of ambrosia
 d - a potion of lignification {unknown}
 e - 2 potions of curing {unknown}
 g - a potion of flight {unknown}


   Skills:
 + Level 4.5 Fighting
 - Level 2.6 Long Blades
 - Level 2.6 Dodging
 - Level 1.7 Stealth


You had 2 spell levels left.
You didn't know any spells.
Your spell library contained the following spells:

 Spells                   Type           Power      Damage    Failure   Level
 Animate Skeleton         Necr           0%         N/A       34%         1
 Apportation              Tloc           0%         N/A       34%         1
 Sting                    Tmut/Pois      0%         1d3       34%         1
 Summon Small Mammal      Summ           0%         N/A       34%         1
 Poisonous Vapours        Pois/Air       0%         N/A       47%         2
 Olgreb's Toxic Radiance  Pois           0%         N/A       98%         4


Dungeon Overview and Level Annotations

Branches:
Dungeon (2/15)

Altars:


Innate Abilities, Weirdness & Mutations

You have a pair of antennae on your head.


Message History

No target in view!
No target in view!
A worm comes into view.
An endoplasm comes into view.
There are monsters nearby!
There are monsters nearby!
Found a cyan potion.
There are monsters nearby!
The endoplasm quivers.
The helpless worm fails to defend itself.
You hit the worm.
The worm is lightly wounded.
The worm bites you!
You hit the worm but do no damage. You punch the worm, but do no damage.
The worm misses you.
You hit the worm.
The worm is moderately wounded.
The worm barely misses you.
You hit the worm.
The worm is heavily wounded.
You hit the worm.
The worm is heavily wounded.
The worm bites you.
You slash the worm!
The worm is almost dead.
The worm bites you!
You are too injured to fight recklessly!
You are too injured to fight recklessly!
You are too injured to fight recklessly!
You are too injured to fight recklessly!
You hit the worm but do no damage.
The worm is almost dead.
You hit the worm but do no damage.
The worm is almost dead.
The worm bites you!
* * * LOW HITPOINT WARNING * * *
You hit the worm but do no damage.
The worm is severely wounded.
The worm bites you.
You die...

..# ..#######
........#
#######.## #..#####
##.....# #.###.###
##.#...#.### ##
#.........@# .#
####.....#..##wJ#
.#
#.......#..#.###!#
.# #.#.......#.#.#
# .#
#...#..#.....### .#
##.##......###.##
## #.##....#)...#.#
# #.#..#...#.#####
#####.#....#..#.###


You could see a worm and an endoplasm.

Vanquished Creatures
  An adder (D:2)
  2 worms (D:2)
  2 dart slugs (D:2)
  A bat (D:1)
  3 endoplasms (D:1)
  3 giant cockroaches
  2 goblins (D:2)
  4 ball pythons
  3 kobolds
  4 rats (D:2)
25 creatures vanquished.

Notes
Turn   | Place    | Note
-------+----------+-------------------------------------------
     0 | D:1      | runemasterragnar the Demonspawn Monk began the quest for
                  | the Orb.
     0 | D:1      | Reached XP level 1. HP: 18/18 MP: 1/1
   289 | D:1      | Found a faded altar of an unknown god.
  1005 | D:1      | Gained mutation: You have a pair of small antennae on your
                  | head. [demonic ancestry]
  1005 | D:1      | Reached XP level 2. HP: 24/24 MP: 2/2
  1182 | D:2      | Reached skill level 4 in Fighting
  1681 | D:2      | Gained mutation: You have a pair of antennae on your head.
                  | [demonic ancestry]
  1681 | D:2      | Reached XP level 3. HP: 13/30 MP: 3/3
  2185 | D:2      | Slain by a worm

Illustrated notes

Levels and vault maps discovered:
D:1:      scummos_arrival_forest, layout_loops_corners,
          hellmonk_ecumenical_altar_inner_sanctum, minmay_statues_item
D:2:      layout_loops_cross, minmay_increasing_density

Skill      XL: |  1  2 |
---------------+-------+-----
Fighting       | 4 |  4.5
Long Blades    | |  2.6
Dodging        | |  2.6
Stealth        | |  1.7

Action                   || total
-------------------------++-------
Melee: Falchion          ||    98
       Punch             ||     2
 Stab: Sleeping          ||     4
Armor: Robe              ||    17
Dodge: Dodged            ||    54

Table legend: (Time is in decaauts)
 A = Elapsed time spent in this place.
 B = Non-inter-level travel time spent in this place.
 C = Inter-level travel time spent in this place.
 D = Time resting spent in this place.
 E = Time spent auto-exploring this place.
 F = Levels seen in this place.
 G = Mean time per level.
                   A        B        C        D        E       F      G
               +--------+--------+--------+--------+--------+-----+--------+
         Total |   2202 |   2202 |      0 |    331 |   1619 |   2 | 1101.0 |
       Dungeon |   2202 |   2202 |      0 |    331 |   1619 |   2 | 1101.0 |
               +--------+--------+--------+--------+--------+-----+--------+

Top non-repeatable levels by time:
     D:1: 1509 daAuts
     D:2: 693 daAuts
